 Dungeon Crawl Stone Soup version 0.29.1-15-g9cfb28693d (webtiles) character file.

Game seed: 4894314195114420924

20 Eitelfritz the Slasher (level 2, 0/25 HPs)
             Began as a Minotaur Gladiator on Apr 14, 2023.
             Slain by a gnoll
             ... wielding a +0 spear
              (3 damage)
             ... on level 1 of the Dungeon.
             The game lasted 00:01:16 (899 turns).

Eitelfritz the Slasher (Minotaur Gladiator)          Turns: 899, Time: 00:01:16

Health: 0/25       AC:  4    Str: 18    XL:     2   Next: 58%
Magic:  1/1        EV: 12    Int:  5    God:
Gold:   53         SH:  0    Dex: 11    Spells: 1/1 levels left

rFire   . . .      SeeInvis .   a - +0 long sword
rCold   . . .      Faith    .   (no shield)
rNeg    . . .      Spirit   .   f - +0 leather armour
rPois   .          Reflect  .   c - +0 hat
rElec   .          Harm     .   l - +0 cloak
rCorr   .          Rampage  .   (no gloves)
Will    .....                   (no boots)
Stlth   +.........              (no amulet)
HPRegen 0.08/turn               (no ring)
MPRegen 0.07/turn               (no ring)

@: no status effects
A: horns 2, retaliatory headbutt
a: no special abilities


You were on level 1 of the Dungeon.
You visited 1 branch of the dungeon, and saw 2 of its levels.

You collected 53 gold pieces.

Inventory:

Hand Weapons
 a - a +0 long sword (weapon)
 b - a +0 sling
Missiles
 d - 3 throwing nets (quivered)
 e - a javelin
Armour
 c - a +0 hat (worn)
 f - a +0 leather armour (worn)
 l - a +0 cloak (worn)
Jewellery
 i - a ring of see invisible
Scrolls
 g - a scroll of vulnerability {unknown}
 h - a scroll of teleportation {unknown}
 m - a scroll of poison {unknown}
Potions
 j - a potion of brilliance {unknown}
 k - 2 potions of curing {unknown}


   Skills:
 + Level 2.5 Fighting
 + Level 4.3 Long Blades
 + Level 2.2 Throwing
 + Level 0.3 Armour
 + Level 3.3 Dodging
 * Level 0.3 Unarmed Combat


You had one spell level left.
You didn't know any spells.
Your spell library was empty.

Dungeon Overview and Level Annotations

Branches:
Dungeon (2/15)

Altars:


Innate Abilities, Weirdness & Mutations

You have a pair of horns on your head.
You reflexively headbutt those who attack you in melee.


Message History

You enter the shallow water.
Moving in this stuff is going to be slow.
You enter the shallow water.
Moving in this stuff is going to be slow.
You now have 53 gold pieces (gained 4).
k - 2 red potions (gained 1) Done exploring.
Done exploring.
There is a stone staircase leading down here.
You climb downwards.
The gnoll shouts!
There is a stone staircase leading up here.
A gnoll comes into view. It is wielding a +0 flail.
The gnoll shouts!
A gnoll comes into view. It is wielding a +0 halberd.
The gnoll shouts!
The gnoll barely misses you. The gnoll hits you with a +0 spear.
You hit the gnoll. Your headbutt misses the gnoll.
The gnoll is lightly wounded.
You hit the gnoll. Your headbutt misses the gnoll.
The gnoll is lightly wounded.
The gnoll barely misses you.
You slash the gnoll! You headbutt the gnoll.
You kill the gnoll!
The gnoll closely misses you.
There is a stone staircase leading up here.
The gnoll hits you from afar with a +0 spear.
The gnoll hits you with a +0 spear. The gnoll completely misses you.
The gnoll closely misses you.
There is a stone staircase leading up here.
The gnoll misses you.
The gnoll hits you from afar with a +0 halberd!
* * * LOW HITPOINT WARNING * * *
You climb upwards.
There is a stone staircase leading down here.
You completely miss the gnoll.
The gnoll is lightly wounded.
The gnoll hits you with a +0 spear.
You die...

#.# #.###.##.###.##. #.#
##.##...#.###....
#.#######.....#....#####.
#.##.......#.......#####.
#.#.###......###.#.......
#...# #....#.# #...#####.
###.###..###.###.#.#####.
##...#.# #.....#.....#.
##.##@# #.#####.....#.
#.##g# #.# #.....#.
#..#.# #.# #.....#.
##.#.# #.# ###....#.
#.#.# #.# #........
#.#.###.## #.#####..
#.#......# #.# #..
#.#####..###.# #.. #.#
#......# #..


You could see a gnoll.

Vanquished Creatures
  A gnoll (D:2)
  A giant cockroach (D:1)
  A goblin (D:1)
  2 jackals (D:1)
  A kobold (D:1)
  A quokka (D:1)
  A bat (D:1)
  A frilled lizard (D:1)
  A rat (D:1)
10 creatures vanquished.

Vanquished Creatures (others)
  A plant (D:2)
1 creature vanquished.

Grand Total: 11 creatures vanquished

Notes
Turn   | Place    | Note
-------+----------+-------------------------------------------
     0 | D:1      | Eitelfritz the Minotaur Gladiator began the quest for the
                  | Orb.
     0 | D:1      | Reached XP level 1. HP: 18/18 MP: 0/0
    66 | D:1      | Reached skill level 4 in Long Blades
   324 | D:1      | Reached XP level 2. HP: 25/25 MP: 1/1
   746 | D:1      | Found a faded altar of an unknown god.
   899 | D:1      | Slain by a gnoll

Illustrated notes

Levels and vault maps discovered:
D:1:      amcnicky_arrival_flooded_fountain, layout_loops_ring,
          shapermc_ecumenical_altar_hornbeckon, st_stairs_14
D:2:      layout_basic, serial_shops, nicolae_shop_overgrown_old_shop,
          serial_bayou_pond_b

Skill      XL: |  1 |
---------------+----+-----
Long Blades    | 4 |  4.3
Fighting       | |  2.5
Throwing       | |  2.2
Armour         | |  0.3
Dodging        | |  3.3
Unarmed Combat | |  0.3

Action                   || total
-------------------------++-------
Melee: Long sword        ||    29
       Headbutt          ||     7
Armor: Leather armour    ||    11
Dodge: Dodged            ||    27
